 Dungeon Crawl Stone Soup version 0.30.0-13-g156ef70053 (webtiles) character file.

Game seed: 13198304985001045197

104 dialectric the Covered (level 4, -4/40 HPs)
             Began as a Minotaur Fighter on May 17, 2023.
             Killed from afar by Blork the orc (8 damage)
             ... with a puff of frost
             ... on level 4 of the Dungeon.
             The game lasted 00:01:23 (1354 turns).

dialectric the Covered (Minotaur Fighter)           Turns: 1354, Time: 00:01:25

Health: -4/40      AC:  7    Str: 23    XL:     4   Next: 52%
Magic:  3/3        EV: 10    Int:  5    God:
Gold:   106        SH:  0    Dex:  9    Spells: 3/3 levels left

rFire   . . .        a - +0 long sword
rCold   . . .        (no shield)
rNeg    . . .        b - +0 scale mail
rPois   .            (helmet restricted)
rElec   .            (no cloak)
rCorr   .            (no gloves)
SInv    .            (no boots)
Will    .....        (no amulet) Stlth
                     (no ring)
HPRegen 0.26/turn    (no ring)
MPRegen 0.08/turn

%: no passive effects
@: mighty
A: horns 2, retaliatory headbutt
a: no special abilities


You were on level 4 of the Dungeon.
You visited 1 branch of the dungeon, and saw 3 of its levels.

You collected 106 gold pieces.

Inventory:

Hand Weapons
 a - a +0 long sword (weapon)
Missiles
 j - 2 boomerangs (quivered)
 k - 6 poisoned darts
Armour
 b - a +0 scale mail (worn)
 c - a +0 buckler
Scrolls
 e - a scroll of vulnerability {unknown}
 f - a scroll of teleportation
 g - a scroll of noise {unknown}
 l - 2 scrolls of identify {unknown}
 m - a scroll of magic mapping {unknown}
Potions
 h - a potion of degeneration {unknown}
 i - a potion of mutation {unknown}
 n - a potion of ambrosia {unknown}


   Skills:
 + Level 4.2 Fighting
 + Level 3.9 Long Blades
 + Level 4.5 Armour
 + Level 1.1 Dodging
 + Level 4.1 Shields


You had 3 spell levels left.
You didn't know any spells.
Your spell library contained the following spells:

 Spells                   Type           Power      Damage    Failure   Level
 Poisonous Vapours        Pois/Air       0%         N/A       89%         2
 Dazzling Flash           Conj/Hex       0%         N/A       98%         3
 Mephitic Cloud           Conj/Pois/Air  0%         N/A       98%         3
 Volatile Blastmotes      Fire/Tloc      0%         2d10      98%         3
 Iskenderun's Mystic Bla  Conj/Tloc      0%         2d3       100%        4
 Freezing Cloud           Conj/Ice/Air   0%         6-21      100%        5
 Starburst                Conj/Fire      0%         6d3       100%        6


Dungeon Overview and Level Annotations

Branches:
Dungeon (2/15)

Altars:
Ashenzari

Annotations:
D:4 Blork the orc


Innate Abilities, Weirdness & Mutations

You have a pair of horns on your head.
You reflexively headbutt those who attack you in melee.


Message History

You feel strangely unstable.
It was a scroll of teleportation.
Your surroundings suddenly seem different.
Blork the orc and a giant cockroach come into view.
Blork the orc shouts!
Blork the orc casts a spell.
Blork the orc seems to speed up.
Blork the orc gestures at you while chanting.
The puff of frost misses you.
There are monsters nearby!
There are monsters nearby!
You hit Blork the orc.
Blork the orc is lightly wounded.
Blork the orc hits you with a +0 battleaxe!
Blork the orc barely misses you.
You hit Blork the orc but do no damage. You headbutt Blork the orc.
Blork the orc is moderately wounded.
Blork the orc closely misses you.
Blork the orc jeers repeatedly, in orcish tradition.
Blork the orc hits you with a +0 battleaxe!
You are too injured to fight recklessly!
Blork the orc screams, "I'll eat your brain!
And then I'll vomit it back up!"
A scorpion comes into view.
The giant cockroach barely misses you. You furiously retaliate!
You headbutt the giant cockroach!
You kill the giant cockroach!
You feel very mighty all of a sudden. Blork the orc misses you.
You furiously retaliate!
You headbutt Blork the orc! Blork the orc closely misses you.
You slash Blork the orc!
Blork the orc is severely wounded.
Blork the orc hits you with a +0 battleaxe!
* * * LOW HITPOINT WARNING * * *
You hit Blork the orc. Your headbutt misses Blork the orc.
Blork the orc is almost dead.
Blork the orc hits you with a +0 battleaxe.
* * * LOW HITPOINT WARNING * * *
The scorpion stings you but does no damage.
Blork the orc gestures at you while chanting.
The puff of frost hits you!
You die...

#### #..# #
#.o##.#..#
#....##@s..#
#..##
#..##.# .
..#.#
...##.. #.##
.#. # . #. #
. #.


You could see Blork the orc (fast) and a scorpion.

Vanquished Creatures
  An iguana (D:2)
  2 adders (D:2)
  A worm (D:2)
  4 endoplasms
  2 giant cockroaches
  6 goblins
  9 hobgoblins
  6 jackals (D:1)
  2 quokkas (D:1)
  5 ball pythons
  6 bats
  3 frilled lizards (D:1)
  A kobold (D:1)
  5 rats
53 creatures vanquished.

Notes
Turn   | Place    | Note
-------+----------+-------------------------------------------
     0 | D:1      | dialectric the Minotaur Fighter began the quest for the
                  | Orb.
     0 | D:1      | Reached XP level 1. HP: 19/19 MP: 0/0
   163 | D:1      | Reached XP level 2. HP: 27/27 MP: 1/1
   475 | D:1      | Reached XP level 3. HP: 25/33 MP: 2/2
   978 | D:2      | Reached XP level 4. HP: 32/40 MP: 3/3
  1031 | D:2      | Reached skill level 1 in Dodging
  1074 | D:2      | Found a broken altar of Ashenzari.
  1343 | D:2      | You fall into a shaft and drop 2 floors!
  1347 | D:4      | Noticed Blork the orc
  1351 | D:4      | Noticed a scorpion
  1354 | D:4      | Killed from afar by Blork the orc

Illustrated notes

Levels and vault maps discovered:
D:1:      ncdulo_halloftheorcs, layout_loops_cross, minmay_heptomino_o4
D:2:      minmay_inner_zag, layout_rooms, basic_altar
D:4:      layout_basic, makhleb_heckhound_becter,
          lightli_ossuary_entry_decrepit_ruins, serial_shops,
          nicolae_take_the_stairs, nicolae_eternal_life, uniq_menkaure,
          uniq_blork_the_orc

Skill      XL: |  1  2  3  4 |
---------------+-------------+-----
Shields        | 4 |  4.1
Armour         | 4 |  4.5
Long Blades    | 3 |  3.9
Fighting       | 4 |  4.2
Dodging        | 1 |  1.1

Action                     |  1- 3 |  4- 6 || total
---------------------------+-------+-------++-------
  Melee: Long sword        |    72 |    32 ||   104
         Headbutt          |     6 |     5 ||    11
         Punch             |     1 |     1 ||     2
    Use: Scroll            |       |     1 ||     1
         Potion            |       |     1 ||     1
 Armour: Scale mail        |    49 |    14 ||    63
  Dodge: Dodged            |    57 |    18 ||    75
